 Dungeon Crawl Stone Soup version 0.17.0-28-g6e173f8 (webtiles) character file.

48 gorblad the Sneak (level 3, -2/24 HPs)
             Began as an Octopode Assassin on Dec 4, 2015.
             Killed by nerve-wracking pain
             ... invoked by Grinder
              (12 damage)
             ... on level 3 of the Dungeon.
             The game lasted 00:02:15 (1404 turns).

gorblad the Sneak (Octopode Assassin)               Turns: 1404, Time: 00:02:17

Health: -2/24      AC:  1    Str: 10    XL:     3   Next: 72%
Magic:  3/3        EV: 12    Int: 13    God:
Gold:   61         SH:  0    Dex: 14    Spells: 0 memorised, 2 levels left

rFire  . . .     SeeInvis .     a - +2 dagger
rCold  . . .     Clarity  .     (no shield)
rNeg   . . .     SustAt   .     (helmet restricted)
rPois  .         Gourm    .     (no amulet)
rElec  .         Spirit   .     (no ring)
rCorr  .         Warding  .     (no ring)
rMut   .         Stasis   .     (no ring)
MR     .....                    (no ring)
Stlth  +++++.....               (no ring)
                                (no ring)
                                (no ring)
                                (no ring)

@: not resistant to hostile enchantments, quite stealthy
A: almost no armour, amphibious, 8 rings, constrict 8, camouflage 1, gelatinous
body 1
a: no special abilities


You were on level 3 of the Dungeon.
You were not hungry.

You visited 1 branch of the dungeon, and saw 3 of its levels.

You collected 61 gold pieces.

Inventory:

Hand Weapons
 a - a +2 dagger (weapon)
 b - a +0 blowgun
Missiles
 c - 22 poisoned needles
 d - 2 curare-tipped needles
 g - 5 needles of confusion
Scrolls
 k - a scroll of fear
 m - a scroll of teleportation {unknown}
 n - a scroll of identify {unknown}
 o - a scroll of magic mapping {unknown}
 q - a scroll of fog {unknown}
Potions
 f - 2 potions of agility {unknown}
 i - a potion of curing {unknown}
 l - 2 potions of haste {unknown}
 r - a potion of degeneration {unknown}
Comestibles
 e - 3 bread rations
 j - a meat ration
 p - a slice of pizza


   Skills:
 - Level 2.0 Fighting
 - Level 2.0 Short Blades
 - Level 2.0 Throwing
 - Level 1.0 Dodging
 + Level 7.3 Stealth


You had 2 spell levels left.
You didn't know any spells.

Dungeon Overview and Level Annotations

Branches:
Dungeon (3/15)

Altars:
Nemelex Xobeh

Annotations:
D:3 Grinder, Terence


Innate Abilities, Weirdness & Mutations

You cannot wear most types of armour.
You are amphibious.
You can wear up to eight rings at the same time.
You can use your tentacles to constrict eight enemies at once.
Your skin changes colour to match your surroundings (Stealth).
Your rubbery body absorbs attacks (AC +1).


Message History

The goblin shouts!
You grab Grinder. You constrict Grinder.
Grinder gestures.
Grinder struggles to blink free from constriction.
You hit Grinder but do no damage. You squeeze Grinder, but do no damage.
Grinder is lightly wounded.
You constrict Grinder, but do no damage.
Grinder barely misses you.
You hit Grinder.
Grinder is lightly wounded.
You constrict Grinder. Grinder hits you!
You writhe in agony.
Terence the Incautious comes into view.
He is wielding a trident.
Terence shouts!
You hit Grinder. You squeeze Grinder.
Grinder is moderately wounded.
You constrict Grinder. Grinder gestures at you. Pain shoots through your body!
Ouch! That really hurt!
You die...

....... #........
......##. . .........
#.## .........
..@..####........
......g..........
...<..5@......... #
#########...#.#.
#.#####........# #
#.......####...#.# #.
####.............#
.#.####.##.#).#.##..#..#
.....)..##..........#..#
#.......................
####...........##..#.##.#


You could see Grinder, Terence and a goblin.

Vanquished Creatures
  An adder (D:2)
  3 oozes (D:1)
  A worm (D:3)
  A giant cockroach (D:1)
  6 goblins
  3 hobgoblins (D:1)
  3 bats
  3 kobolds (D:2)
  4 rats
25 creatures vanquished.

Notes
Turn   | Place    | Note
--------------------------------------------------------------
     0 | D:1      | gorblad the Octopode Assassin began the quest for the Orb.
     0 | D:1      | Reached XP level 1. HP: 14/14 MP: 1/1
   282 | D:1      | Reached XP level 2. HP: 19/19 MP: 2/2
   295 | D:1      | Reached skill level 6 in Stealth
   728 | D:1      | Reached XP level 3. HP: 24/24 MP: 3/3
   892 | D:2      | Found a sparkling altar of Nemelex Xobeh.
  1139 | D:2      | Reached skill level 7 in Stealth
  1398 | D:3      | Noticed Grinder
  1404 | D:3      | Noticed Terence
  1404 | D:3      | Killed from afar by Grinder

Action                   || total
-------------------------++-------
Melee: Dagger            ||    58
  Use: Scroll            ||     1
 Stab: Sleeping          ||     6
  Eat: Chunk             ||     1
